 Dungeon Crawl Stone Soup version 0.27-a0-1595-g0b823d0a13 (webtiles) character file.

Game seed: 500500354896858758

1703 elagabalus the Severer (level 8, -3/69 HPs)
             Began as a Deep Dwarf Berserker on July 20, 2021.
             Was a Believer of Trog.
             Slain by an ogre (17 damage)
             ... on level 5 of the Dungeon.
             The game lasted 00:26:24 (2672 turns).

elagabalus the Severer (Deep Dwarf Berserker)       Turns: 2672, Time: 00:26:25

Health: -3/69      AC: 12    Str: 23    XL:     8   Next: 73%
Magic:  8/8        EV:  8    Int:  8    God:    Trog [**....]
Gold:   173        SH:  0    Dex: 12    Spells: 7/7 levels left

rFire    . . .     SeeInvis .   d - +3 battleaxe
rCold    . . .     Faith    .   (shield currently unavailable)
rNeg     . . .     Spirit   .   b - +0 chain mail
rPois    .         Reflect  .   (no helmet)
rElec    .         Harm     .   (no cloak)
rCorr    .         Rampage  .   (no gloves)
Will     ++...                  (no boots)
Stlth    ..........             (no amulet)
HPRegen  0.00/turn              e - +4 ring of protection
MPRegen  0.11/turn              r - ring of willpower

@: on berserk cooldown, slowed, very slow
A: damage resistance, heal wounds, sense surroundings 1, no regeneration
a: Heal Wounds, Renounce Religion, Berserk, Trog's Hand


You were on level 5 of the Dungeon.
You worshipped Trog.
Trog was pleased with you.
You visited 1 branch of the dungeon, and saw 5 of its levels.

You collected 173 gold pieces.

Inventory:

Hand Weapons
 a - a +0 hand axe
 d - a +3 battleaxe (weapon)
 l - a +0 spear
Armour
 b - a +0 chain mail (worn)
Jewellery
 e - a +4 ring of protection (left hand)
 h - a ring of magical power
 n - a ring of flight
 p - a ring of resist corrosion
 r - a ring of willpower (right hand)
Potions
 c - a potion of curing {unknown}
 f - 2 potions of flight
 g - a potion of brilliance {unknown}
 i - 2 potions of magic {unknown}
 j - 2 potions of lignification {unknown}
 o - a potion of haste
 q - a potion of mutation {unknown}


   Skills:
 - Level 3.0 Fighting
 * Level 15.0 Axes
 - Level 2.1 Armour
 - Level 2.1 Dodging


You had 7 spell levels left.
You didn't know any spells.
Your spell library contained the following spells:

 Spells                   Type           Power      Damage    Failure   Level
 Foxfire                  Conj/Fire      0%         2x1d4     98%         1
 Slow                     Hex            0%         N/A       99%         2
 Static Discharge         Conj/Air       0%         N/A       99%         2
 Sublimation of Blood     Necr           0%         N/A       99%         2
 Confusing Touch          Hex            0%         N/A       100%        3
 Vampiric Draining        Necr           0%         2d6       100%        3
 Ice Form                 Ice/Tmut       0%         N/A       100%        4
 Petrify                  Tmut/Erth      0%         N/A       100%        4
 Irradiate                Conj/Tmut      0%         3d13      100%        5
 Lightning Bolt           Conj/Air       0%         1d11      100%        5
 Maxwell's Capacitive Co  Air            0%         ∞         100%        8
 Fire Storm               Conj/Fire      0%         5d1       100%        9


Dungeon Overview and Level Annotations

Branches:
Dungeon (5/15)             Temple (0/1) D:4

Altars:
Cheibriados
Ru

Shops:
D:1 [


Innate Abilities, Weirdness & Mutations

You are resistant to damage.
You can heal yourself by infusing magical energy.
You passively map a small area around you.
You do not regenerate.


Message History

Found 16 arrows.
Found a stone staircase leading down.
An ogre comes into view. It is wielding a +0 giant club.
The ogre shouts!
Your skin crawls.
You feel strong-willed. The ogre barely misses you. The ogre barely misses you.
You feel the effects of Trog's Hand fading.
The ogre hits you but does no damage.
Your skin stops crawling.
You feel less strong-willed. The ogre hits you with a +0 giant club.
There is an open door here.
You feel yourself speed up.
You're still recovering from your berserk rage.
Things that are here:
a +0 scythe; a +0 robe; the human corpse of Sigmund
Items here: )) [[ †.
You recover from your berserk rage.
You open the door. The ogre completely misses you.
A red film seems to cover your vision as you go berserk!
You feel yourself moving faster!
You feel mighty! The ogre hits you with a +0 giant club!
You feel a strong urge to attack something.
You feel your anger nearly subside.
You are no longer berserk.
You are exhausted.
You feel yourself slow down.
You fail to use your ability.
The ogre hits you with a +0 giant club. The ogre hits you with a +0 giant club!
The ogre closely misses you. The ogre hits you with a +0 giant club.
The ogre hits you with a +0 giant club!
* * * LOW HITPOINT WARNING * * *
The ogre barely misses you.
You slash the ogre!
The ogre is moderately wounded.
The ogre hits you with a +0 giant club!!
You die...

###........#.......#####... *
, +.'................'...'...
, ###........#.......#####...
#........####....# ###...
#........####....# #..... ,
#####.....##.....# #.#### ,,,
#.....##.....###'#... *
#...O.##.#)#))).....# *
#...@.##.#.#........' ,
#)....##.#.#........#
,*######
#.....##.#.#........# *#....#
#........#.#........# ,
#....####......###.#####'#...
+....)..'........#.# #.#...
**#....####.....#..#.# #.'...
###### #........#.# * *.
####.######.#


You could see an ogre.

Vanquished Creatures
  Pikel (D:5)
  Grinder (D:4)
  Sigmund (D:5)
  The ghost of robertstho the Skirmisher, an amateur DsAK of Lugonu (D:3)
  Menkaure (D:4)
  A necrophage (D:4)
  A centaur (D:5)
  A lemure (D:5)
  Dowan (D:5)
  A scorpion (D:4)
  3 wights (D:4)
  Crazy Yiuf (D:4)
  An orc priest (D:5)
  An orc wizard (D:4)
  5 adders
  An adder skeleton (D:4)
  A worm (D:2)
  2 dart slugs
  8 orcs
  3 endoplasms
  4 goblins
  7 hobgoblins
  8 jackals
  3 kobolds
  4 quokkas
  3 ball pythons
  2 bats
  A frilled lizard (D:3)
  3 rats
71 creatures vanquished.

Vanquished Creatures (collateral kills)
  Duvessa (D:5)
1 creature vanquished.

Grand Total: 72 creatures vanquished

Notes
Turn   | Place    | Note
-------+----------+-------------------------------------------
     0 | D:1      | elagabalus the Deep Dwarf Berserker began the quest for the
                  | Orb.
     0 | D:1      | Reached XP level 1. HP: 20/20 MP: 1/1
    84 | D:1      | Found a faded altar of an unknown god.
   190 | D:1      | Reached XP level 2. HP: 26/28 MP: 2/2
   293 | D:1      | Found Uliechop's Antique Armour Emporium.
   417 | D:1      | Reached skill level 4 in Axes
   539 | D:2      | Identified a scroll of acquirement
   539 | D:2      | Acquired a manual of Axes
   968 | D:2      | Reached XP level 3. HP: 34/34 MP: 3/3
  1132 | D:3      | Reached skill level 5 in Axes
  1290 | D:3      | Reached ** piety under Trog
  1312 | D:3      | Noticed robertstho's ghost (amateur DsAK)
  1320 | D:3      | Found a runed translucent door.
  1338 | D:3      | Killed robertstho's ghost
  1339 | D:3      | Reached skill level 8 in Axes
  1339 | D:3      | Reached XP level 4. HP: 42/42 MP: 4/4
  1339 | D:3      | Reached XP level 5. HP: 49/49 MP: 5/5
  1560 | D:3      | Found a sacrificial altar of Ru.
  1750 | D:4      | Noticed Menkaure
  1804 | D:4      | Killed Menkaure
  1805 | D:4      | Reached skill level 10 in Axes
  1805 | D:4      | Reached XP level 6. HP: 51/56 MP: 6/6
  1869 | D:4      | Found a snail-covered altar of Cheibriados.
  1892 | D:4      | Found a runed translucent door.
  1893 | D:4      | Noticed Crazy Yiuf
  1907 | D:4      | Killed Crazy Yiuf
  2028 | D:4      | Reached skill level 11 in Axes
  2028 | D:4      | Reached XP level 7. HP: 62/62 MP: 7/7
  2198 | D:4      | Noticed Grinder
  2206 | D:4      | Killed Grinder
  2207 | D:4      | Reached skill level 12 in Axes
  2207 | D:4      | Found a staircase to the Ecumenical Temple.
  2265 | D:4      | Reached skill level 13 in Axes
  2432 | D:5      | Entered Level 5 of the Dungeon
  2437 | D:5      | Noticed Duvessa
  2441 | D:5      | Killed Duvessa
  2442 | D:5      | Noticed Dowan
  2450 | D:5      | Killed Dowan
  2497 | D:5      | Reached XP level 8. HP: 69/69 MP: 8/8
  2559 | D:5      | Noticed Pikel
  2567 | D:5      | Killed Pikel
  2568 | D:5      | Reached skill level 14 in Axes
  2583 | D:5      | Got the Tome of Glacial Flames
  2593 | D:5      | Noticed Sigmund
  2601 | D:5      | Killed Sigmund
  2602 | D:5      | Reached skill level 15 in Axes
  2672 | D:5      | Slain by an ogre

Illustrated notes

Levels and vault maps discovered:
D:1:      dpeg_arrival_snail, layout_basic, basic_ecumenical_altar,
          serial_corexii_hall, corexii_hall_statues_x, corexii_hall_statues_u,
          serial_shops, nicolae_shop_statue_plus
D:2:      layout_loops_ring
D:3:      layout_loops_cross, mainiacjoe_overflow_alcove_1,
          hellmonk_ghost_happy_afterlife
D:4:      layout_loops_ring, cheibriados_altar_1, temple_fountains,
          uniq_menkaure, uniq_grinder, uniq_crazy_yiuf_cottage
D:5:      layout_basic, uniq_duvessa, uniq_sigmund, uniq_pikel

Skill      XL: |  1  2  3  4  5  6  7  8 |
---------------+-------------------------+-----
Fighting       | 3 |  3.0
Axes           | 4 8 10 11 13 15 | 15.0
Armour         | |  2.1
Dodging        | |  2.1

Action                   |  1- 3 |  4- 6 |  7- 9 || total
-------------------------+-------+-------+-------++-------
Melee: Hand axe          |   101 |    32 |       ||   133
       Battleaxe         |       |     8 |    72 ||    80
Invok: Berserk           |     7 |     7 |     8 ||    22
       Trog's Hand       |       |     3 |     5 ||     8
  Use: Potion            |     3 |       |       ||     3
       Scroll            |     2 |       |     3 ||     5
Armor: Animal skin       |     7 |       |       ||     7
       Ring mail         |     5 |       |       ||     5
       Chain mail        |    28 |    26 |    30 ||    84
Dodge: Dodged            |    45 |    10 |    27 ||    82

Table legend: (Time is in decaauts)
 A = Elapsed time spent in this place.
 B = Non-inter-level travel time spent in this place.
 C = Inter-level travel time spent in this place.
 D = Time resting spent in this place.
 E = Time spent auto-exploring this place.
 F = Levels seen in this place.
 G = Mean time per level.
                   A        B        C        D        E       F      G
               +--------+--------+--------+--------+--------+-----+--------+
         Total |   2864 |    963 |   1901 |      0 |      0 |   5 |  572.8 |
       Dungeon |   2864 |    963 |   1901 |      0 |      0 |   5 |  572.8 |
               +--------+--------+--------+--------+--------+-----+--------+

Top non-repeatable levels by time:
     D:4: 733 daAuts
     D:3: 694 daAuts
     D:2: 584 daAuts
     D:1: 564 daAuts
     D:5: 288 daAuts
